 Dungeon Crawl Stone Soup version 0.29.0-7-g18a832c13a (webtiles) character file.

Game seed: 5438588552324427510

10858 Armakuni the Destroyer (level 11, -2/74 HPs)
             Began as a Demigod Conjurer on Aug 31, 2022.
             Slain by a spriggan defender zombie (5 damage)
             ... on level 1 of the Abyss.
             The game lasted 00:28:35 (11369 turns).

Armakuni the Destroyer (Demigod Conjurer)          Turns: 11369, Time: 00:28:36

Health: -2/74      AC: 12    Str: 16    XL:     11   Next: 19%
Magic:  37/41      EV: 12    Int: 24    God:
Gold:   542        SH:  0    Dex: 12    Spells: 2/21 levels left

rFire   . . .      SeeInvis .   a - +4 quarterstaff (chaos)
rCold   . . .      Faith    .   (shield currently unavailable)
rNeg    . . .      Spirit   .   y - +0 steam dragon scales
rPois   .          Reflect  .   B - +4 helmet of Xeusuv Ifesh {Regen+ MP+9 Slay-2 Stlth+}
rElec   .          Harm     .   v - +0 cloak
rCorr   .          Rampage  .   (no gloves)
Will    +....                   j - +0 pair of boots
Stlth   +++.......              M - amulet of magic regeneration
HPRegen 0.00/turn               S - +4 ring of slaying
MPRegen 0.67/turn               P - ring of magical power

@: sick
A: high MP 1, forlorn, divine attributes
a: no special abilities


You were on level 1 of the Abyss.
You visited 1 branch of the dungeon, and saw 9 of its levels.
You visited the Abyss 1 time.
You also visited: Bailey.

You collected 542 gold pieces.

Inventory:

Hand Weapons
 a - a +4 quarterstaff of chaos (weapon)
 b - a -1 demon whip of venom
 s - a +0 scimitar of flaming
 t - a +0 quarterstaff
Missiles
 D - 5 throwing nets
Armour
 j - a +0 pair of boots (worn)
 v - a +0 cloak (worn)
 w - a +0 buckler
 y - +0 steam dragon scales (worn)
 B - the +4 helmet of Xeusuv Ifesh (worn) {Regen+ MP+9 Slay-2 Stlth+}
   (You found it on level 7 of the Dungeon)

   Slay:      It affects your accuracy & damage with ranged weapons and melee
   (-2).
   MP:        It affects your magic capacity (+9).
   Regen:     It increases your rate of health regeneration.
   Stlth:     It makes you more stealthy.
Magical Staves
 c - a staff of poison
 n - a staff of air
Jewellery
 x - the ring "Houtzohi" {Fire rPois Will+ Str+5}
   (You found it on level 6 of the Dungeon)

   [ring of fire]

   It enhances your fire magic.
   Str:       It affects your strength (+5).
   rF:        It protects you from fire.
   rC:        It makes you vulnerable to cold.
   rPois:     It protects you from poison.
   Will:      It increases your willpower.
 M - an amulet of magic regeneration (around neck)
 P - a ring of magical power (right hand)
 S - a +4 ring of slaying (left hand)
Wands
 d - a wand of roots (8)
 k - a wand of digging (19)
 l - a wand of light (5)
 p - a wand of paralysis (2)
Scrolls
 g - 2 scrolls of immolation
 i - 3 scrolls of amnesia
 q - 4 scrolls of teleportation
 u - 5 scrolls of enchant armour
 C - 2 scrolls of magic mapping
 X - a scroll of enchant weapon
Potions
 e - 2 potions of invisibility
 f - 2 potions of might
 h - 2 potions of brilliance
 m - 4 potions of mutation
 o - 3 potions of lignification
 r - a potion of flight
 z - 3 potions of heal wounds
 E - a potion of ambrosia {unknown}
Miscellaneous
 F - a lightning rod (3/4)


   Skills:
 - Level 1.7 Dodging
 - Level 1.7 Stealth
 - Level 5.8 Spellcasting
 - Level 10.0 Conjurations
 + Level 9.1 Air Magic
 + Level 8.7 Evocations


You had 2 spell levels left.
You knew the following spells:

 Your Spells              Type           Power      Damage    Failure   Level
a - Magic Dart            Conj           100%       1d8       1%          1
c - Mephitic Cloud        Conj/Pois/Air  37%        N/A       1%          3
l - Lightning Bolt        Conj/Air       26%        1d42      4%          5
m - Iskenderun's Mystic   Conj/Tloc      31%        2d8       11%         4
p - Fulminant Prism       Conj/Hex       15%        3d11      11%         4
z - Searing Ray           Conj           100%       2d8       1%          2

Your spell library contained the following spells:

 Spells                   Type           Power      Damage    Failure   Level
 Static Discharge         Conj/Air       52%        3-10/arc  1%          2
 Call Imp                 Summ           7%         N/A       12%         2
 Dazzling Flash           Conj/Hex       62%        N/A       3%          3
 Gell's Gravitas          Tloc           7%         N/A       24%         3
 Teleport Other           Tloc           7%         N/A       24%         3
 Dispersal                Tloc           3%         N/A       100%        6
 Maxwell's Capacitive Co  Air            25%        ∞         100%        8


Dungeon Overview and Level Annotations

Branches:
Dungeon (9/15)             Temple (0/1) D:7          Bailey (visited)
   Lair: D:8-11         Orc: D:9-12


Innate Abilities, Weirdness & Mutations

You have an increased reservoir of magic. (+10% MP)
You shall have no god before yourself.
Your divine heritage dramatically boosts your attributes as you level up.


Message History

You sock the thrashing horror!
You destroy the thrashing horror!
Your Air Magic skill increases to level 9!
You closely miss the spriggan defender zombie.
The spriggan defender zombie hits you but does no damage.
The spriggan defender zombie hits you!
You hit the spriggan defender zombie.
The spriggan defender zombie suddenly stops moving!
The spriggan defender zombie is lightly damaged.
The helpless spriggan defender zombie fails to defend itself.
You sock the spriggan defender zombie!
The spriggan defender zombie is lightly damaged.
The helpless spriggan defender zombie fails to defend itself.
You hit the spriggan defender zombie.
The spriggan defender zombie is lightly damaged.
The helpless spriggan defender zombie fails to defend itself.
You hit the spriggan defender zombie.
Lightning courses through the spriggan defender zombie!!
The spriggan defender zombie is moderately damaged.
The helpless spriggan defender zombie fails to defend itself.
You hit the spriggan defender zombie. You burn the spriggan defender zombie.
The spriggan defender zombie is moderately damaged.
The helpless spriggan defender zombie fails to defend itself.
You hit the spriggan defender zombie.
The spriggan defender zombie is heavily damaged.
The spriggan defender zombie is no longer paralysed.
The spriggan defender zombie hits you. The spriggan defender zombie hits you!
* * * LOW HITPOINT WARNING * * *
You hit the spriggan defender zombie.
The spriggan defender zombie convulses!
The spriggan defender zombie is heavily damaged.
The spriggan defender zombie hits you but does no damage.
A large abomination comes into view.
The spriggan defender zombie barely misses you.
You sock the spriggan defender zombie!
You freeze the spriggan defender zombie.
The spriggan defender zombie is severely damaged.
The spriggan defender zombie hits you!
* * * LOW HITPOINT WARNING * * *
The spriggan defender zombie hits you.
You die...

#
......#....
# . #.##.
##.# # . #
# ..# #
#.##. ### .
##.# ##.###
. #
#...###.#.
#. #.
##....#. .
. #.###
#.#..#.# .
# #..#
##.....# #
. .#
###.@#.#
### #
#Z###..
..#...###
.. #...
###.# #...#
...X. .....
....# . ..


You could see a large abomination and a spriggan defender zombie.

Vanquished Creatures
  Erica (D:9)
  A two-headed ogre (D:9)
  2 thrashing horrors (Abyss:1)
  Amaemon (D:8)
  Pikel (D:6)
  A cyclops (D:7)
  An orange demon (D:8)
  Maggie (D:6)
  Psyche (D:8)
  An ancient zyme (Abyss:1)
  Prince Ribbit (D:7)
  Sigmund (D:2)
  3 yaks
  3 wyverns
  A steam dragon (D:8)
  Grum (D:8)
  Menkaure (D:6)
  A small abomination (Abyss:1)
  2 water moccasins (D:7)
  Duvessa (D:4)
  An orc warrior (D:9)
  2 ice beasts
  8 wolves
  3 centaurs
  2 ogres
  A lemure (D:6)
  10 bullfrogs
  Blork the orc (D:4)
  A necrophage (D:7)
  9 gnoll sergeants
  2 scorpions
  6 wights
  Dowan (D:4)
  A howler monkey (D:8)
  2 hounds (Bailey)
  3 jellies
  4 orc priests
  5 gnoll boudas
  Jessica (D:3)
  3 iguanas
  Crazy Yiuf (D:6)
  2 orc wizards
  Robin (D:3)
  27 gnolls
  6 adders
  A shadow imp (D:6)
  A white imp (Abyss:1)
  A worm (D:2)
  7 dart slugs
  16 orcs
  5 ball pythons
  7 endoplasms
  A giant cockroach (D:1)
  11 goblins
  9 hobgoblins
  3 quokkas
  6 bats
  5 frilled lizards
  8 kobolds
  7 rats
  A lurking horror (Abyss:1)
218 creatures vanquished.

Notes
Turn   | Place    | Note
-------+----------+-------------------------------------------
     0 | D:1      | Armakuni the Demigod Conjurer began the quest for the Orb.
     0 | D:1      | Reached XP level 1. HP: 14/14 MP: 5/5
   562 | D:1      | Reached XP level 2. HP: 20/20 MP: 1/7
   687 | D:1      | Learned a level 2 spell: Searing Ray
   923 | D:2      | Reached skill level 4 in Conjurations
  1275 | D:2      | You fall into a shaft and drop 2 floors!
  1301 | D:4      | Noticed a scorpion
  1378 | D:4      | Noticed Dowan
  1547 | D:4      | Noticed Blork the orc
  1560 | D:5      | Entered Level 5 of the Dungeon
  1743 | D:2      | Reached XP level 3. HP: 26/26 MP: 6/9
  1879 | D:2      | Noticed Sigmund
  1895 | D:2      | Killed Sigmund
  1896 | D:2      | Reached skill level 5 in Conjurations
  1896 | D:2      | Reached XP level 4. HP: 4/33 MP: 4/12
  1896 | D:2      | Reached XP level 5. HP: 5/38 MP: 4/13
  2435 | D:2      | Learned a level 4 spell: Iskenderun's Mystic Blast
  3017 | D:3      | Noticed Jessica
  3026 | D:3      | Killed Jessica
  3162 | D:3      | Learned a level 3 spell: Mephitic Cloud
  3224 | D:3      | Noticed Robin
  3259 | D:3      | Killed Robin
  3681 | D:3      | Reached XP level 6. HP: 45/45 MP: 11/15
  4440 | D:4      | Killed Blork the orc
  4441 | D:4      | Reached skill level 6 in Conjurations
  4851 | D:4      | Noticed Duvessa
  4860 | D:4      | Killed Duvessa
  4861 | D:4      | Reached skill level 5 in Spellcasting
  4861 | D:4      | Reached XP level 7. HP: 20/50 MP: 18/18
  4891 | D:4      | Killed Dowan
  5291 | D:4      | Learned a level 4 spell: Fulminant Prism
  5729 | D:5      | Reached skill level 7 in Conjurations
  6375 | D:6      | Noticed Menkaure
  6384 | D:6      | Killed Menkaure
  6649 | D:6      | Noticed Pikel
  6659 | D:6      | Killed Pikel
  6660 | D:6      | Reached skill level 9 in Conjurations
  6660 | D:6      | Reached XP level 8. HP: 48/57 MP: 17/19
  6948 | D:6      | Found a runed translucent door.
  6949 | D:6      | Noticed Crazy Yiuf
  6955 | D:6      | Killed Crazy Yiuf
  7090 | D:6      | Identified the ring "Houtzohi" {Fire rPois Will+ Str+5}
  7268 | D:6      | Reached skill level 10 in Conjurations
  7416 | D:6      | Noticed Maggie
  7432 | D:6      | Killed Maggie
  7821 | D:7      | Reached XP level 9. HP: 62/62 MP: 20/20
  8058 | D:7      | Found a staircase to the Ecumenical Temple.
  8096 | D:7      | Identified the +4 helmet of Xeusuv Ifesh {Regen+ MP+9
                  | Slay-2 Stlth+}
  8479 | D:7      | Identified the +0 pair of boots of Zeag {rPois Str-2 Dex+4}
  8642 | D:7      | Noticed Prince Ribbit
  8650 | D:7      | Killed Prince Ribbit
  8834 | D:7      | Noticed a cyclops
  8846 | D:7      | Killed a cyclops
  8847 | D:7      | Reached skill level 5 in Air Magic
  8873 | D:7      | Learned a level 5 spell: Lightning Bolt
  9005 | D:8      | Noticed Psyche
  9011 | D:8      | Killed Psyche
  9360 | D:8      | Reached skill level 5 in Evocations
  9364 | D:8      | Noticed an orange demon
  9377 | D:8      | Noticed Amaemon
  9378 | D:8      | Killed an orange demon
  9379 | D:8      | Reached XP level 10. HP: 67/69 MP: 18/22
  9400 | D:8      | Killed Amaemon
  9605 | D:8      | Noticed Grum
  9613 | D:8      | Killed Grum
 10016 | D:9      | Noticed a two-headed ogre
 10064 | D:9      | Noticed Erica
 10074 | D:9      | Killed Erica
 10234 | D:9      | Found a flagged portal.
 10252 | Bailey   | Entered a bailey
 11130 | D:9      | Noticed a two-headed ogre
 11152 | D:9      | Killed a two-headed ogre
 11153 | D:9      | Reached XP level 11. HP: 74/74 MP: 23/23
 11160 | Abyss:1  | Cast into level 1 of the Abyss (kobold brigand)
 11205 | Abyss:1  | Noticed a thrashing horror
 11214 | Abyss:1  | Killed a thrashing horror
 11347 | Abyss:1  | Noticed a thrashing horror
 11359 | Abyss:1  | Killed a thrashing horror
 11369 | Abyss:1  | HP: 3/74 [spriggan defender zombie (12)]
 11369 | Abyss:1  | Slain by a spriggan defender zombie

Illustrated notes

Levels and vault maps discovered:
D:1:      lightli_arrival_noodles, layout_basic, basic_ecumenical_altar,
          amethyst_killhole, minmay_misc_feat_encased
D:2:      layout_basic, uniq_sigmund
D:3:      layout_basic, lemuel_round_altar, uniq_jessica, uniq_robin
D:4:      layout_basic, gammafunk_temple_overflow_claw, uniq_blork_the_orc,
          uniq_duvessa
D:5:      layout_loops_cross
D:6:      layout_basic, ashenzari_altar_1, uniq_pikel, uniq_crazy_yiuf_cottage,
          uniq_maggie, uniq_menkaure
D:7:      layout_basic, minmay_temple_entry_statues_fountains,
          nicolae_zen_rock_garden, minmay_statues_item, grunt_ministairs_6,
          uniq_prince_ribbit1
D:8:      layout_rooms, tgw_sif, pf_just_have_faith, uniq_grum, uniq_amaemon,
          uniq_psyche
D:9:      layout_long_grid, kennysheep_little_box, overflow_temple_1_default,
          enter_bailey_4, st_stairs_5, uniq_erica
Abyss:1:  base:
D:7

Skill      XL: |  1  2  3  4  5  6  7  8  9 10 11 |
---------------+----------------------------------+-----
Spellcasting   | 2 3 4 5 |  5.8
Conjurations   | 4 5 6 9 10 | 10.0
Air Magic      | 2 6 8 9 |  9.1
Evocations     | 2 5 8 |  8.7
Dodging        | |  1.7
Stealth        | |  1.7

Action                   |  1- 3 |  4- 6 |  7- 9 | 10-12 || total
-------------------------+-------+-------+-------+-------++-------
Melee: Quarterstaff      |       |    19 |    14 |    54 ||    87
       Mace              |       |     1 |       |       ||     1
Throw: Dart              |       |       |     1 |       ||     1
       Throwing net      |       |       |     1 |       ||     1
 Cast: Magic Dart        |    29 |       |       |       ||    29
       Searing Ray       |    18 |    48 |    63 |    59 ||   188
       Iskenderun's Myst |       |       |     7 |    15 ||    22
       Mephitic Cloud    |       |       |       |    19 ||    19
       Lightning Bolt    |       |       |       |     3 ||     3
Evoke: Wand              |       |       |     3 |     3 ||     6
       Lightning rod     |       |       |       |     1 ||     1
  Use: Scroll            |     5 |     2 |    10 |     2 ||    19
       Potion            |     5 |     1 |     1 |     1 ||     8
 Stab: Sleeping          |       |     1 |       |       ||     1
       Paralysed         |       |       |     7 |     7 ||    14
       Confused          |       |       |       |     3 ||     3
Armor: Robe              |     1 |     7 |     7 |       ||    15
       Steam dragon scal |       |       |    11 |    41 ||    52
Dodge: Dodged            |    11 |    26 |    40 |    90 ||   167
Block: Other             |       |       |    17 |    25 ||    42
       Reflection        |       |       |     1 |       ||     1
